 Dungeon Crawl Stone Soup version 0.21-a0-522-ga8338f0 (webtiles) character file.

506 theanonym the Covert (level 6, -3/25 HPs)
             Began as a Felid Artificer on Dec 6, 2017.
             Was an Initiate of Ru.
             Slain by a gnoll
             ... wielding a +0 spear
              (10 damage)
             ... on level 4 of the Dungeon.
             The game lasted 00:13:28 (7815 turns).

theanonym the Covert (Felid Artificer)              Turns: 7815, Time: 00:13:29

Health: -3/25      AC:  2    Str:  8    XL:     6   Next: 97%
Magic:  9/9        EV: 18    Int: 12    God:    Ru [......]
Gold:   229        SH:  0    Dex: 19    Spells: 5/5 levels left
                                        Lives:  0   Deaths: 2

rFire    . . .     SeeInvis +     - Unarmed
rCold    . . .     Gourm    .   (shield unavailable)
rNeg     . . .     Faith    .   (armour unavailable)
rPois    .         Spirit   .   (helmet unavailable)
rElec    .         Reflect  .   (cloak unavailable)
rCorr    .         Harm     .   (gloves unavailable)
MR       .....                  (boots unavailable)
Stlth    +++++.....             (no amulet)
HPRegen  0.08/turn              (no ring)
MPRegen  0.11/turn              (no ring)

@: quick
A: very small, no armour, no weapons or thrown items, stealth, claws 1, fangs 3,
see invisible, carnivore 3, speed 1, shaggy fur 2, slow metabolism 1, sharp paws
a: Renounce Religion


Innate Abilities, Weirdness & Mutations

You cannot wear armour.
You are incapable of wielding weapons or throwing items.
Your paws allow you to move quietly. (Stealth)
You have sharp claws.
You have razor-sharp teeth.
You have supernaturally acute eyesight. (SInv)
You are carnivorous and can eat meat at any time.
You cover ground quickly.
You are covered in thick fur. (AC +2)
You have a slow metabolism.
Your sharp claws are effective at attacking unaware monsters.


   Skills:
 - Level 1.0 Fighting
 - Level 2.6 Dodging
 + Level 8.9 Stealth
 + Level 6.1 Unarmed Combat
 - Level 3.2 Evocations


You had 5 spell levels left.
You didn't know any spells.

Skill      XL: |  1  2  3  4  5  6 |
---------------+-------------------+-----
Stealth        | 2 3 4 6 8 |  8.9
Unarmed Combat | 2 4 6 |  6.1
Fighting       | |  1.0
Dodging        | |  2.6
Evocations     | |  3.2

Action                   |  1- 3 |  4- 6 |  7- 9 || total
-------------------------+-------+-------+-------++-------
Melee: Unarmed           |   154 |   228 |     3 ||   385
       Bite              |    11 |    24 |     1 ||    36
       Punch             |     1 |     3 |       ||     4
Evoke: Wand              |    14 |    25 |     1 ||    40
  Use: Scroll            |     4 |     9 |       ||    13
 Stab: Sleeping          |    11 |     8 |       ||    19
       Distracted        |     1 |     2 |       ||     3
       Paralysed         |       |     2 |       ||     2
       Confused          |       |     1 |       ||     1
  Eat: Chunk             |    11 |    11 |       ||    22
Armor: Skin              |     8 |     7 |       ||    15
Dodge: Dodged            |   122 |   146 |     1 ||   269

Inventory:

Wands
 a - a wand of flame (7)
 b - a wand of enslavement (4)
 c - a wand of random effects (20)
Scrolls
 k - a scroll of fear {!r}
 l - a scroll of enchant weapon {unknown}
 t - 2 scrolls of teleportation {!r}
 y - a scroll of magic mapping {!r}
Potions
 f - 2 potions of resistance {rF+ rC+}
 g - a potion of ambrosia
 h - 3 potions of magic
 i - a potion of mutation {unknown}
 j - 2 potions of lignification
 m - a potion of flight {unknown}
 n - 2 potions of degeneration
 o - a potion of haste {unknown}
 p - 2 potions of invisibility
 q - 2 potions of agility
 w - a potion of curing
Comestibles
 e - 4 meat rations

Dungeon Overview and Level Annotations

Branches:
Dungeon (5/15)             Temple (1/1) D:4

Altars:
Cheibriados
Dithmenos
Elyvilon
Hepliaklqana
Kikubaaqudgha
Makhleb
Okawaru
Qazlal
Ru
Sif Muna
Trog
Uskayaw
Vehumet
Wu Jian
Xom
Yredelemnul


You were on level 4 of the Dungeon.
You worshipped Ru.
Ru was noncommittal.
You were not hungry.

You visited 2 branches of the dungeon, and saw 6 of its levels.
You also visited: Sewer.

You collected 229 gold pieces.


Message History

There is a stone staircase leading up here.
The gnoll closely misses you.
You climb upwards.
There is a stone staircase leading down here.
Things that are here:
a whip; a gnoll skeleton You see here a scale mail {10}.
There is an open door here.
There is an open door here.
There is an open door here.
There is a stone staircase leading down here.
You regained 2 hp, and now have 15/25 hp.
You start resting.
Health restored: 25 You climb downwards.
An ice beast comes into view.
There is a stone staircase leading up here.
You climb upwards.
There is a stone staircase leading down here.
Done exploring.
Done exploring.
There is an open door here.
There is an open door here.
There is an open door here.
There is a stone staircase leading down here.
You climb downwards.
The gnoll hits you with a flail!
There is a stone staircase leading up here.
You take 9 damage, and have 16/25 hp.
MASSIVE DAMAGE!!
The gnoll closely misses you. The gnoll misses you.
You climb upwards.
There is a stone staircase leading down here.
You scratch the gnoll. You bite the gnoll. The gnoll misses you.
You closely miss the gnoll. You scratch the gnoll. The gnoll misses you.
You scratch the gnoll.
You kill the gnoll!
You start resting.
Health restored: 25 You climb downwards.
The gnoll hits you with a club.
The gnoll closely misses you. x2; The gnoll barely misses you.
There is a stone staircase leading up here.
You take 4 damage, and have 21/25 hp.
The gnoll barely misses you. The gnoll hits you with a spear.
You climb upwards.
There is a stone staircase leading down here.
You take 2 damage, and have 19/25 hp.
Things that are here:
a flail; a gnoll corpse
There is an open door here.
A gnoll is nearby!
You completely miss the gnoll. You scratch the gnoll but do no damage.
You bite the gnoll. The gnoll hits you with a club!
* * * LOW HITPOINT WARNING * * *
You take 8 damage, and have 12/25 hp.
MASSIVE DAMAGE!!
You closely miss the gnoll. You bite the gnoll. The gnoll hits you with a club.
* * * LOW HITPOINT WARNING * * *
You take 5 damage, and have 7/25 hp.
Aim: a gnoll, wielding a club (heavily wounded)
The puff of flame misses the gnoll.
There is a stone staircase leading up here.
Aim: a gnoll, wielding a club (heavily wounded, chance to defeat MR: 64%)
The gnoll is charmed.
What are your orders? t - Meow!
Orders for allies: a - Attack new target. p - Attack previous target. r - Retreat! s - Stop attacking. g - Guard the area. f - Follow me.
Anything else - Cancel.
You meow for attention!
The gnoll closely misses you. What are your orders? t - Meow!
Orders for allies: a - Attack new target. p - Attack previous target. r - Retreat! s - Stop attacking. g - Guard the area. f - Follow me.
Anything else - Cancel.
Gang up on whom?
Aim: a gnoll, wielding a spear Attack!
The gnoll misses you.
Your gnoll barely misses the gnoll.
The gnoll hits your gnoll but does no damage.
Your gnoll closely misses the gnoll.
Your gnoll completely misses the gnoll.
The gnoll hits your gnoll with a spear!
Your gnoll dies!
Aim: a gnoll, wielding a spear The gnoll seems to speed up.
The gnoll closely misses you.
Aim: a gnoll, wielding a spear (fast) Nothing appears to happen.
The gnoll hits you from afar with a spear.
* * * LOW HITPOINT WARNING * * *
The gnoll barely misses you.
You take 1 damage, and have 7/25 hp.
The gnoll barely misses you.
The gnoll hits you from afar with a spear.
* * * LOW HITPOINT WARNING * * *
You take 1 damage, and have 7/25 hp.
The gnoll misses you.
The gnoll hits you from afar with a spear!
You die...

##.......## #..##.##.# #.#.##
#.........####...[.##.#####....##
'........['......................
#.%.......####...##########....##
##.......## #..## #.#.##
##.....## #.## #.### ####...##
#.# #..# .####'## #.#### ##.#
#.###.##### #..@.# #.#
##.....)..# ####.# #.#
#.###.###.# #g# ####.###
..<....##.# #.# #......##
.##.....#.#######.# #.##.#.#.
.###..[##.........# #.##.#.#. .#
#..############# #.##.###. .#
#..# #.##...#. ####..# #.######.


You could see a gnoll.

Notes
Turn   | Place    | Note
-------+----------+-------------------------------------------
     0 | D:1      | theanonym the Felid Artificer began the quest for the Orb.
     0 | D:1      | Reached XP level 1. HP: 9/9 MP: 4/4
   154 | D:1      | Reached skill level 2 in Stealth
   181 | D:1      | Reached XP level 2. HP: 7/12 MP: 5/5
   489 | D:1      | HP: 3/12 [goblin/club (4)]
   521 | D:1      | HP: 1/12 [goblin/club (3)]
   994 | D:2      | Reached skill level 2 in Unarmed Combat
  1159 | D:2      | HP: 6/12 [adder (3)]
  1172 | D:2      | HP: 4/12 [adder (3)]
  1177 | D:2      | Reached skill level 3 in Stealth
  1177 | D:2      | Reached XP level 3. HP: 5/15 MP: 6/6
  1512 | D:2      | Found a hide-covered altar of Uskayaw.
  1513 | D:2      | Noticed a hand axe
  1513 | D:2      | Noticed a dagger
  1652 | D:2      | HP: 7/15 [worm (2)]
  2267 | D:3      | Found a faded altar of an unknown god.
  2323 | D:3      | HP: 5/15 [quokka (5)]
  2666 | D:3      | Reached skill level 4 in Stealth
  2977 | D:4      | Found a staircase to the Ecumenical Temple.
  2990 | D:4      | Noticed Ijyb
  2994 | D:4      | Found a glowing drain.
  3021 | D:4      | Killed Ijyb
  3021 | D:4      | Reached XP level 4. HP: 19/19 MP: 7/7
  3026 | D:4      | Reached skill level 3 in Unarmed Combat
  3125 | Sewer    | Entered a sewer
  3310 | Sewer    | HP: 7/19 [kobold/dagger (5)]
  3564 | Sewer    | Noticed a big kobold
  3584 | Sewer    | Killed a big kobold
  3584 | Sewer    | Reached skill level 5 in Stealth
  3584 | Sewer    | Reached XP level 5. HP: 16/22 MP: 8/8
  3584 | Sewer    | Killed themself with a badly aimed iceblast
  3585 | Sewer    | Reached XP level 4. HP: -6/19 MP: 7/7
  3739 | Sewer    | HP: 9/19 [ooze (2)]
  3961 | Sewer    | Noticed a big kobold
  3977 | Sewer    | Killed a big kobold
  3977 | Sewer    | Reached skill level 6 in Stealth
  3977 | Sewer    | Reached skill level 4 in Unarmed Combat
  3977 | Sewer    | Reached XP level 5. HP: 20/22 MP: 8/8
  4023 | Sewer    | HP: 11/22 [big kobold/whip (4)]
  4030 | Sewer    | HP: 10/22 [big kobold/whip (1)]
  4031 | Sewer    | HP: 4/22 [big kobold/whip (6)]
  4299 | Sewer    | HP: 11/22 [big kobold/short sword (9)]
  4300 | Sewer    | HP: 2/22 [big kobold/short sword (9)]
  4309 | Sewer    | Gained mutation: You are covered in thick fur. (AC +2) [Felid growth]
  4309 | Sewer    | Reached XP level 6. HP: 3/25 MP: 9/9
  4725 | Sewer    | HP: 12/25 [big kobold/short sword (1)]
  4735 | Sewer    | Reached skill level 7 in Stealth
  4735 | Sewer    | Reached skill level 5 in Unarmed Combat
  5889 | D:4      | HP: 10/25 [worker ant (6)]
  5911 | D:4      | Reached skill level 8 in Stealth
  5911 | D:4      | Reached XP level 7. HP: 12/28 MP: 10/10
  6100 | D:4      | Found a basalt altar of Yredelemnul.
  6133 | D:4      | Noticed Blork the orc
  6139 | D:4      | HP: 5/28 [shot self (11)]
  6139 | D:4      | Slain by Blork the orc
  6140 | D:4      | Reached XP level 6. HP: -5/25 MP: 9/9
  6175 | D:4      | HP: 5/25 [Blork the orc/+4 long sword of slicing (8)]
  6185 | D:4      | Killed Blork the orc
  6772 | D:5      | Entered Level 5 of the Dungeon
  6774 | D:5      | Found a sacrificial altar of Ru.
  6780 | D:5      | HP: 11/25 [gnoll/spear (6)]
  6906 | D:4      | Reached skill level 6 in Unarmed Combat
  7045 | D:5      | Noticed 4thArraOfDagon's ghost (weakling HOEn)
  7050 | D:5      | Killed 4thArraOfDagon's ghost
  7248 | Temple   | Entered the Ecumenical Temple
  7358 | Temple   | theanonym: !lg * win felid fifsk!=hexes s=god
  7358 | Temple   | beem: 1042 games for * (win felid fifsk!=hexes): 162x Trog, 158x Vehumet, 114x Sif Muna, 68x Cheibriados, 63x Ashenzari, 58x Nemelex Xobeh, 56x Dithmenos, 48x Ru, 46x Xom, 44x Jiyva, 33x Kikubaaqudgha, 29x Yredelemnul, 28x Makhleb, 25x Fedhas, 22x Okawaru, 20x Lugonu, 18x Elyvilon, 11x The Shining One, 6x Gozag, 6x Zin, 6x Uskayaw, 5x Hepliaklqana, 5x Qazlal, 4x, 3x Pakellas, 2x Wu Jian, Wudzu, Wulndr...
  7414 | D:5      | Became a worshipper of Ru the Awakened
  7432 | D:5      | HP: 12/25 [gnoll/spear (7)]
  7593 | D:5      | Noticed an ice beast
  7774 | D:4      | HP: 12/25 [gnoll/club (8)]
  7800 | D:4      | HP: 7/25 [gnoll/spear (1)]
  7810 | D:4      | HP: 7/25 [gnoll/spear (1)]
  7815 | D:4      | Slain by a gnoll

Vanquished Creatures
  A necrophage (D:5)
  Blork the orc (D:4)
  6 big kobolds (Sewer)
  A worker ant (D:4)
  The ghost of 4thArraOfDagon the Vexing, a weakling HOEn of Beogh (D:5)
  2 hound skeletons (D:4)
  5 adders
  2 gnolls (D:4)
  A river rat (Sewer)
  A shadow imp (D:5)
  8 oozes (Sewer)
  6 worms
  2 dart slugs
  3 bats
  4 giant cockroaches
  6 goblins
  7 hobgoblins
  3 jackals (D:3)
  A quokka (D:4)
  5 ball pythons
  4 frilled lizards
  A jackal skeleton (D:4)
  14 kobolds
  7 rats
92 creatures vanquished.

Vanquished Creatures (collateral kills)
  Ijyb (D:4)
  A river rat (D:4)
  A goblin (D:1)
  A kobold (Sewer)
  A rat (D:4)
5 creatures vanquished.

Vanquished Creatures (others)
  An adder (D:4)
  A gnoll (D:4)
  A river rat (Sewer)
3 creatures vanquished.

Grand Total: 100 creatures vanquished

Table legend:
 A = Turns spent in this place as a percentage of turns spent in the entire game.
 B = Non-inter-level travel turns spent in this place as a percentage of non-inter-level travel turns spent in the entire game.
 C = Inter-level travel turns spent in this place as a percentage of turns spent in this place.
 D = Turns resting spent in this place as a percentage of non-inter-level travel turns spent in this place.
 E = Turns spent auto-exploring this place as a percentage of non-inter-level travel turns spent in this place.
 F = Non-inter-level travel turns spent in this place divided by the number of levels of this place that you've seen.
                   A       B       C       D       E      F
               +-------+-------+-------+-------+-------+----------------------
         Total | 100.0 | 100.0 |   5.1 |  49.9 |  33.7 | 1059.0
       Dungeon |  70.5 |  69.2 |   6.9 |  43.4 |  39.2 | 1026.0
        Temple |   1.7 |   1.5 |  17.3 |   0.0 |  99.1 | 110.0
         Sewer |  27.8 |  29.3 |   0.0 |  67.8 |  17.5 | 2173.0
               +-------+-------+-------+-------+-------+----------------------
